 Dungeon Crawl Stone Soup version 0.30-a0-591-g3c58d2bc28 (webtiles) character file.

Game seed: 13835125643502607860

86 Leeroy the Conjurer (level 4, -1/26 HPs)
             Began as a Tengu Reaver on Jan 4, 2023.
             Slain by a gnoll
             ... wielding a +0 flail
              (5 damage)
             ... on level 3 of the Dungeon.
             The game lasted 00:04:50 (2035 turns).

Leeroy the Conjurer (Tengu Reaver)                  Turns: 2035, Time: 00:04:51

Health: -1/26      AC:  3    Str: 12    XL:     4   Next: 49%
Magic:  8/8        EV: 11    Int: 16    God:
Gold:   83         SH:  0    Dex: 12    Spells: 1/7 levels left

rFire   . . .      SeeInvis .    a - +0 falchion
rCold   . . .      Faith    .    (no shield)
rNeg    . . .      Spirit   .    b - +0 leather armour
rPois   .          Reflect  .    (helmet restricted)
rElec   .          Harm     .    (no cloak)
rCorr   .          Rampage  .    (no gloves)
Will    .....                    (boots unavailable)
Stlth   +                        (no amulet)
HPRegen 0.24/turn                (no ring)
MPRegen 0.11/turn                (no ring)

@: no status effects
A: beak, talons 3
a: no special abilities


You were on level 3 of the Dungeon.
You visited 1 branch of the dungeon, and saw 3 of its levels.

You collected 83 gold pieces.

Inventory:

Hand Weapons
 a - a +0 falchion (weapon)
 n - a +1 whip of venom
Missiles
 d - 5 poisoned darts
Armour
 b - a +0 leather armour (worn)
Scrolls
 c - 2 scrolls of torment {unknown}
 e - 2 scrolls of fog {unknown}
 i - 2 scrolls of immolation {unknown}
 j - 3 scrolls of teleportation {unknown}
 l - 3 scrolls of vulnerability {unknown}
 m - a scroll of identify {unknown}
 q - a scroll of enchant armour {unknown}
 t - a scroll of blinking {unknown}
 u - a scroll of brand weapon {unknown}
Potions
 f - 2 potions of brilliance {unknown}
 g - a potion of flight {unknown}
 h - a potion of curing {unknown}
 k - 2 potions of ambrosia {unknown}
 o - a potion of berserk rage {unknown}
 p - a potion of might {unknown}
 r - 2 potions of degeneration {unknown}
 s - a potion of lignification {unknown}


   Skills:
 - Level 2.0 Fighting
 + Level 5.0 Long Blades
 - Level 2.1 Dodging
 - Level 2.0 Spellcasting
 + Level 5.1 Conjurations


You had one spell level left.
You knew the following spells:

 Your Spells              Type           Power      Damage    Failure   Level
a - Kiss of Death         Conj/Necr      36%        2d8       10%         1
b - Momentum Strike       Conj/Tloc      18%        3d8       14%         2
c - Hailstorm             Conj/Ice       9%         3d4       28%         3

Your spell library contained the following spells:

 Spells                   Type           Power      Damage    Failure   Level
 Magic Dart               Conj           72%        1d6       3%          1
 Beastly Appendage        Tmut           2%         N/A       26%         1
 Summon Small Mammal      Summ           4%         N/A       26%         1
 Call Imp                 Summ           1%         N/A       36%         2
 Wereblood                Tmut           1%         N/A       36%         2
 Mephitic Cloud           Conj/Pois/Air  7%         N/A       36%         3
 Call Canine Familiar     Summ           1%         N/A       61%         3
 Spider Form              Tmut/Pois      1%         N/A       61%         3
 Summon Guardian Golem    Hex/Summ       1%         N/A       61%         3


Dungeon Overview and Level Annotations

Branches:
Dungeon (3/15)

Altars:


Innate Abilities, Weirdness & Mutations

You have a beak for a mouth.
You have claws for feet.


Message History

You hit the goblin. You peck the goblin.
You kill the goblin!
No target in view!
No target in view!
No target in view!
No target in view!
c - 2 scrolls labelled YSOL RUOSTOEPP (gained 1)
Things that are here:
a +0 sling; a +0 dagger; a goblin corpse You open the door.
Found 3 stones.
There is an open door here.
A gnoll comes into view. It is wielding a +0 flail.
The gnoll shouts!
You hear a shout! x2
A gnoll is nearby! 2 gnolls come into view.
The gnoll shouts!
You hit the gnoll. You punch the gnoll, but do no damage.
The gnoll is lightly wounded.
The gnoll hits you from afar with a +0 spear.
The gnoll barely misses you.
You hit the gnoll.
The gnoll is heavily wounded.
The gnoll hits you from afar with a +0 spear.
The gnoll misses you.
You hit the gnoll but do no damage.
The gnoll is heavily wounded.
The gnoll hits you from afar with a +0 spear!
The gnoll closely misses you.
You hit the gnoll.
You kill the gnoll!
The gnoll hits you from afar with a +0 spear.
The gnoll hits you with a +0 flail.
* * * LOW HITPOINT WARNING * * *
The gnoll hits you from afar with a +0 spear.
* * * LOW HITPOINT WARNING * * *
Your Long Blades skill increases to level 5!
The gnoll attacks as you move away! The gnoll barely misses you.
The gnoll attacks as you move away! The gnoll hits you with a +0 flail.
You die...

.### ##.## #.#..# .#
#.# #.#..# .# #.#
###.#.. .# ##'##
..... .# ##...## ...
.# ##.....## ###)# .#
#.....).## ##.#.#
###.........####..g.#
..+.........'...@g.(#
###.........####....#
##.......## ##.#.#
##.....## ##..#
##...## #.# ##+# .##


You could see 2 gnolls.

Vanquished Creatures
  2 adders (D:2)
  A gnoll (D:3)
  2 worms (D:2)
  A dart slug (D:2)
  An orc (D:3)
  9 ball pythons
  A bat (D:1)
  3 endoplasms
  6 giant cockroaches
  3 goblins
  3 hobgoblins
  4 quokkas (D:1)
  3 frilled lizards
  3 kobolds
  5 rats
47 creatures vanquished.

Notes
Turn   | Place    | Note
-------+----------+-------------------------------------------
     0 | D:1      | Leeroy the Tengu Reaver began the quest for the Orb.
     0 | D:1      | Reached XP level 1. HP: 12/12 MP: 4/4
    83 | D:1      | Reached XP level 2. HP: 16/17 MP: 6/6
   511 | D:1      | Reached XP level 3. HP: 21/21 MP: 7/7
  1121 | D:2      | Reached skill level 5 in Conjurations
  1182 | D:2      | Learned a level 2 spell: Momentum Strike
  1186 | D:2      | Learned a level 3 spell: Hailstorm
  1371 | D:2      | Reached XP level 4. HP: 18/26 MP: 8/8
  2032 | D:3      | Reached skill level 5 in Long Blades
  2035 | D:3      | Slain by a gnoll

Illustrated notes

Levels and vault maps discovered:
D:1:      minmay_arrival_four_loops, layout_loops_ring
D:2:      layout_loops_corners, minmay_misc_feat_tiny, solitary_fountain
D:3:      cheibrodos_thug_alley, layout_loops_corners,
          chequers_ecumenical_altar_simple_redux, uniq_jessica

Skill      XL: |  1  2  3  4 |
---------------+-------------+-----
Long Blades    | 4 5 |  5.0
Conjurations   | 5 |  5.1
Fighting       | |  2.0
Dodging        | |  2.1
Spellcasting   | |  2.0

Action                   |  1- 3 |  4- 6 || total
-------------------------+-------+-------++-------
Melee: Falchion          |    89 |    19 ||   108
       Kick              |    15 |     6 ||    21
       Peck              |    14 |     2 ||    16
       Punch             |     1 |     1 ||     2
Armor: Leather armour    |    25 |     2 ||    27
Dodge: Dodged            |    38 |    13 ||    51

Table legend: (Time is in decaauts)
 A = Elapsed time spent in this place.
 B = Non-inter-level travel time spent in this place.
 C = Inter-level travel time spent in this place.
 D = Time resting spent in this place.
 E = Time spent auto-exploring this place.
 F = Levels seen in this place.
 G = Mean time per level.
                   A        B        C        D        E       F      G
               +--------+--------+--------+--------+--------+-----+--------+
         Total |   2045 |   1998 |     47 |      0 |   1691 |   3 |  681.7 |
       Dungeon |   2045 |   1998 |     47 |      0 |   1691 |   3 |  681.7 |
               +--------+--------+--------+--------+--------+-----+--------+

Top non-repeatable levels by time:
     D:2: 1038 daAuts
     D:1: 739 daAuts
     D:3: 267 daAuts
